cohdb
Replays
Latest Replays
All Replays
Popular Replays
Top Player Replays
Match Explorer
How It Works
Community
CoH3 Stats
Reddit
Sign in to upload your games and track your stats! →
Sign in with Steam
Match 44383835
Unlisted
Match 44383835
Overview
Messages
Build Orders
End
Pioneer Squad
Construct Infanterie Kompanie
Grenadier Squad
MG 42 Machine Gun Team
GrW 34 Mortar Team
Construct Panzergrenadier Kompanie
251 Medium Carrier
Panzergrenadier Squad
Panzergrenadier Squad
251 Medium Carrier
Selects Mechanized Battlegroup
Selects Raid Package
Pak 40 Anti-tank Gun Team
Selects 8 Rad Armored Car
8 Rad Armored Car
Pioneer Squad
Pak 40 Anti-tank Gun Team
Support Elements
StuG III G Assault Gun
Pioneer Squad
251 Medium Carrier
Selects Panther Heavy Tank
Panther Heavy Tank
Pioneer Squad
Pioneer Squad
Nebelwerfer 42 Rocket Launcher Team
Panzergrenadier Officer Quarters
Selects Mobile Repair Stations
Selects Wespe Self-propelled Artillery
Side Skirts
Panther Heavy Tank
'Hed'
TLS'Waifu
robwarrior
imba ☯
0
0
Comments
sign in to comment!
No comments posted yet!